 Dungeon Crawl Stone Soup version 0.14-a0-3345-g9255d23 (webtiles) character file.

108 Fengor the Skirmisher (level 4, -1/29 HPs)
             Began as a Tengu Wanderer on Mar 17, 2014.
             Slain by a gnoll
             ... wielding a +0,+0 halberd
              (9 damage)
             ... on Level 2 of the Dungeon.
             The game lasted 00:08:18 (815 turns).

Fengor the Skirmisher (Tengu Wanderer)               Turns: 815, Time: 00:08:18

HP  -1/29        AC  9     Str  9      XL: 4   Next:  3%
MP   0/2         EV  9     Int 14      God:
Gold 49          SH  0     Dex 16      Spells:  2 memorised,  2 levels left

rFire  . . .     SeeInvis .     o - +0 dagger (antimagic)
rCold  + . .     Clarity  .     g - +3 ring mail {rC+}
rNeg   . . .     Conserve +     (no shield)
rPois  .         rCorr    .     (helmet restricted)
rElec  .         rRot     .     (no cloak)
SustAb . .       Spirit   .     j - +0 pair of gloves
rMut   .         Warding  .     (boots unavailable)
Saprov . . .     Stasis   .     q - amulet of conservation
MR     .....                    (no ring)
                                (no ring)

@: bonded with blade, not resistant to hostile enchantments, very unstealthy
A: beak, talons 3
a: no special abilities


You were on level 2 of the Dungeon.
You were not hungry.

You visited 1 branch of the dungeon, and saw 2 of its levels.

You collected 49 gold pieces.

Inventory:

Hand weapons
 o - a +0,+0 anti-magic dagger (weapon)
Missiles
 c - 14 stones (quivered)
 k - 23 darts
 l - 5 arrows of flame
Armour
 b - a +0 robe
 g - a +3 ring mail of cold resistance (worn)
 j - a +0 pair of gloves (worn)
Comestibles
 d - 2 bread rations
Scrolls
 i - a scroll of remove curse
Jewellery
 q - an amulet of conservation (around neck)
Potions
 e - 2 potions of mutation
 f - a potion of restore abilities {unknown}
 h - 2 potions of heal wounds
 p - 3 potions of curing
Books
 a - a book of Maledictions

   Spells                             Type                      Level
   *Corona                            Hexes                        1
   *Sure Blade                        Hexes/Charms                 2
   Ensorcelled Hibernation            Hexes/Ice                    2
   Confuse                            Hexes                        3
   Enslavement                        Hexes                        4
   Invisibility                       Hexes                        6


   Skills:
 + Level 4.0 Fighting
 + Level 0.9 Short Blades
 + Level 0.9 Throwing
 + Level 0.7 Armour
 + Level 0.7 Dodging
 + Level 0.2 Stealth
   Level 2.0 Shields
 + Level 1.0 Spellcasting
 + Level 1.6 Hexes
   Level 2.1 Fire Magic


You had 2 spell levels left.
You knew the following spells:

 Your Spells              Type           Power        Failure   Level  Hunger
a - Corona                Hex            #......      30%         1    ##.....
b - Sure Blade            Hex/Chrm       #.........   61%         2    ###....


Dungeon Overview and Level Annotations

Branches:
Dungeon (2/15)

Altars:


Innate Abilities, Weirdness & Mutations

You have a beak for a mouth.
You have claws for feet.


Message History

You throw a stone. The stone misses the gnoll.
The stone hits the gnoll.
Throwing (i - inventory. (,) - cycle):
c - 15 stones (quivered)
Press: ? - help, Shift-Dir - straight line, f/p - gnoll
Aim: a gnoll, wielding a halberd You throw a stone.
The stone hits the gnoll.
The gnoll is lightly wounded.
There is an open door here.
Casting: Corona
Confirm with . or Enter, or press ? or * to list all spells.
You become one with your weapon.
The gnoll closely misses you.
You hit the gnoll.
The gnoll is lightly wounded.
The gnoll hits you from afar with a halberd.
The gnoll hits you with a halberd!
* * * LOW HITPOINT WARNING * * *
You hit the gnoll. You claw the gnoll.
The gnoll is moderately wounded.
The gnoll hits you from afar with a halberd!
You die...

#.##+#### #.......#
#.......#########
########>......##.......#
#...........#####.......#
#...........# #.......#
#...........# #.......#
########'#..#####.......#
#@#.#....+.......#
#g#.#%####.......#
#g#.#....%..#.####
#g#.#<......#.#
#.g(g...#.#########.####
(.......................
.>g...########.########.
..#### #


You could see 3 gnolls.

Vanquished Creatures
  4 adders (D:2)
  4 bats (D:1)
  A hobgoblin (D:1)
  3 kobolds
  A quokka (D:2)
  A giant gecko (D:1)
  4 giant newts
  5 goblins
  5 rats (D:1)
28 creatures vanquished.

Notes
Turn   | Place    | Note
--------------------------------------------------------------
     0 | D:1      | Fengor, the Tengu Wanderer, began the quest for the Orb.
     0 | D:1      | Reached XP level 1. HP: 14/14 MP: 3/3
   241 | D:1      | Reached XP level 2. HP: 17/19 MP: 5/5
   674 | D:2      | Reached XP level 3. HP: 16/24 MP: 2/6
   726 | D:2      | HP: 1/24 [poisoned by an adder]
   769 | D:2      | Learned a level 2 spell: Sure Blade
   777 | D:2      | Reached skill level 4 in Fighting
   777 | D:2      | Reached XP level 4. HP: 21/29 MP: 2/7
   815 | D:2      | Slain by a gnoll

Action                   |  1- 3 |  4- 6 || total
-------------------------+-------+-------++-------
Melee: Dagger            |    93 |     2 ||    95
Throw: Stone             |    29 |     3 ||    32
 Cast: Sure Blade        |       |     1 ||     1
  Use: Scroll            |     7 |       ||     7
       Potion            |     1 |       ||     1
